 Dungeon Crawl Stone Soup version 0.31-a0-188-g5e087ee2ca (webtiles) character file.

Game seed: 12707386869520053358

13259 qw the Markself (level 11, -7/67 HPs)
             Began as a Deep Elf Hunter on June 23, 2023.
             Was an Elder of Okawaru.
             Mangled by a yak (10 damage)
             ... on level 1 of the Lair of Beasts.
             The game lasted 00:03:32 (8921 turns).

qw the Markself (Deep Elf Hunter)                   Turns: 8921, Time: 00:03:32

Health: -7/67      AC: 24    Str: 12    XL:     11   Next: 73%
Magic:  16/16      EV: 13    Int: 15    God:    Okawaru [****..]
Gold:   168        SH:  5    Dex: 18    Spells: 10/10 levels left

rFire   . . .        Y - +2 arbalest
rCold   + . .        (shield currently unavailable)
rNeg    . . .        o - +7 Kryia's mail coat {PotionHeal*2 rC+}
rPois   .            r - +2 hat
rElec   +            h - +1 cloak
rCorr   +            i - +1 pair of gloves
SInv    .            (no boots)
Will    +....        t - amulet of reflection
Stlth   +            e - +4 ring of protection
HPRegen 0.31/turn    w - ring of resist corrosion
MPRegen 0.15/turn

%: reflection
@: no status effects
A: horns 2, electricity resistance, evolution 1
a: Renounce Religion, Heroism, Finesse


You were on level 1 of the Lair of Beasts.
You worshipped Okawaru.
Okawaru was greatly pleased with you.
You visited 3 branches of the dungeon, and saw 12 of its levels.

You collected 936 gold pieces.
You spent 768 gold pieces at shops.


Innate Abilities, Weirdness & Mutations

You have a pair of horns on your head.
You are resistant to electric shocks. (rElec)
You have hidden genetic potential.


   Skills:
 + Level 7.6 Fighting
 - Level 18.0 Ranged Weapons
 - Level 4.0 Armour
 - Level 9.2 Dodging
 - Level 1.2 Stealth
 + Level 4.6 Invocations


You had 10 spell levels left.
You didn't know any spells.
Your spell library was empty.

Inventory:

Hand Weapons
 Y - a +2 arbalest (weapon)
Armour
 a - the +0 ring mail "Vycesm" {rC- Slay+6 SInv}
   (You bought it in a shop on level 8 of the Dungeon)

   Slay:      It affects your accuracy & damage with ranged weapons and melee
   (+6).
   rC:        It makes you vulnerable to cold.
   SInv:      It lets you see invisible.
 h - a +1 cloak (worn)
 i - a +1 pair of gloves (worn)
 o - the +7 Kryia's mail coat (worn) {PotionHeal*2 rC+}
   (You found it on level 9 of the Dungeon)

   PotionHeal*2: Potions heal its wearer twice as much.
   rC:        It protects you from cold.
 r - a +2 hat (worn)
Jewellery
 e - a +4 ring of protection (left hand)
 n - a ring of ice
 t - an amulet of reflection (around neck)
 w - a ring of resist corrosion (right hand)
Wands
 j - a wand of digging (6)
Scrolls
 c - 2 scrolls of amnesia {unknown}
 q - a scroll of identify
Potions
 b - a potion of invisibility {unknown}
 d - a potion of berserk rage {unknown}
 f - a potion of ambrosia {unknown}
 g - a potion of resistance
 k - a potion of enlightenment
 l - a potion of might {unknown}
 m - a potion of cancellation {unknown}
 p - 3 potions of curing

Dungeon Overview and Level Annotations

Branches:
Dungeon (10/15)            Temple (1/1) D:7            Lair (1/5) D:8
    Orc: D:9-12

Altars:
Ashenzari
Cheibriados
Elyvilon
Gozag
Hepliaklqana
Kikubaaqudgha
Makhleb
Nemelex Xobeh
Okawaru
Qazlal
Ru
Sif Muna
Trog
Vehumet
Wu Jian
Xom
Yredelemnul
Zin
The Shining One

Shops:
D:4 [   D:7 [   D:8 !*[[=

Annotations:
D:6 1 runed translucent door, qw's ghost, amateur NaHu
D:9 1 runed translucent door


Message History

You shoot a bolt. The bolt hits the yak!
The yak is almost dead.
The yak gores you but does no damage. x2; The yak closely misses you. x2
You shoot a bolt. The bolt hits the yak!
You kill the yak!
Okawaru accepts your kill. You block the yak's attack.
You shoot a bolt. The bolt hits the yak!!
You kill the yak!
Okawaru accepts your kill. The yak gores you.
You shoot a bolt. The bolt hits the yak!
The yak is moderately wounded.
The yak misses you. The yak barely misses you.
You shoot a bolt. The bolt hits the yak!!
The yak is almost dead.
The yak gores you but does no damage. You block the yak's attack.
You shoot a bolt. The bolt closely misses the yak.
The yak misses you. x2; The yak gores you but does no damage.
You block the yak's attack.
You shoot a bolt. The bolt hits the yak!
You kill the yak!
Okawaru accepts your kill.
You can now speed up your combat.
The yak gores you but does no damage.
You shoot a bolt. The bolt hits the yak.
The yak is lightly wounded.
The yak gores you but does no damage. x2
You shoot a bolt. The bolt barely misses the yak.
The yak gores you. The yak gores you but does no damage.
You shoot a bolt. The bolt hits the yak!
The yak is heavily wounded.
The yak barely misses you. The yak gores you.
You shoot a bolt. The bolt barely misses the yak.
The yak gores you but does no damage. The yak gores you.
The yak barely misses you. You block the yak's attack.
You shoot a bolt. The bolt hits the yak.
The yak is heavily wounded.
You feel like a meek peon again. The yak gores you!
You die...

..# #.# .........
... ........# ...
........# ...
......... ##.
........#
.......Y#
......YY# #@# #.##
#..# .. ##.##
##...... .... #..#
#....... #..####.#
##.....###.#.##..#
#................#
.................#


You could see 3 yaks.

Vanquished Creatures
  Fannar (Lair:1)
  A catoblepas (Lair:1)
  3 death yaks (D:8)
  A cyclops (D:9)
  An ugly thing (D:10)
  4 elephants (Lair:1)
  Maurice (D:8)
  A cane toad (Lair:1)
  An efreet (D:10)
  A komodo dragon (Lair:1)
  A yaktaur (D:10)
  Grinder (D:6)
  15 yaks
  Eustachio (D:6)
  A basilisk (Lair:1)
  2 steam dragons
  4 water moccasins
  A sky beast (D:5)
  An ice beast (D:8)
  2 orc warriors (D:6)
  5 wolves (Lair:1)
  An ogre (D:4)
  3 phantoms
  2 centaurs (D:8)
  A kobold brigand (D:9)
  6 bullfrogs
  4 scorpions
  A wight (D:9)
  14 killer bees
  2 electric eels (D:6)
  4 howler monkeys
  3 hounds
  6 jellies
  An orc priest (D:6)
  4 iguanas
  A sleepcap (D:8)
  Ijyb (D:4)
  9 orc wizards
  A hell rat (D:8)
  8 adders
  A river rat (D:8)
  An ufetubus (D:6)
  4 worms
  3 dart slugs
  28 orcs
  3 endoplasms
  6 giant cockroaches
  12 goblins
  10 hobgoblins
  4 jackals (D:1)
  7 kobolds
  9 quokkas
  6 ball pythons
  7 bats
  3 frilled lizards
  10 rats
235 creatures vanquished.

Notes
Turn   | Place    | Note
-------+----------+-------------------------------------------
     0 | D:1      | qw the Deep Elf Hunter began the quest for the Orb.
     0 | D:1      | Reached XP level 1. HP: 12/12 MP: 3/3
     0 | D:1      | 0 ||| qw: Version: 0.3-a-9-g12657ce
     0 | D:1      | 0 ||| qw: Game counter: 4202
     0 | D:1      | 0 ||| qw: Always use a shield: true
     0 | D:1      | 0 ||| qw: God list: Okawaru
     0 | D:1      | 0 ||| qw: Allow faded altars: false
     0 | D:1      | 0 ||| qw: Do Orc after D:15 true
     0 | D:1      | 0 ||| qw: Do second Lair branch before Depths: true
     0 | D:1      | 0 ||| qw: Lair rune preference: random
     0 | D:1      | 0 ||| qw: Plans: Normal
     0 | D:1      | 0 ||| PLANNING D:1-11
    79 | D:1      | Reached skill level 6 in Ranged Weapons
    79 | D:1      | Reached XP level 2. HP: 16/16 MP: 4/4
   397 | D:1      | Reached XP level 3. HP: 20/20 MP: 5/5
   734 | D:1      | 734 ||| UPGRADING to +0 ring mail.
   744 | D:1      | 744 ||| DROPPING +0 leather armour.
   745 | D:1      | 745 ||| UPGRADING to +0 pair of gloves.
   750 | D:1      | 750 ||| UPGRADING to +4 ring of protection.
   751 | D:1      | 751 ||| READING scroll labelled TEFFIGYTAB.
   752 | D:1      | 752 ||| READING 2 scrolls labelled ZUAHUE RICZAPN.
   753 | D:1      | 753 ||| READING scroll of enchant weapon.
   753 | D:1      | 753 ||| ENCHANTING +1 shortbow.
   754 | D:1      | 754 ||| DRINKING 2 orange potions.
   755 | D:1      | 755 ||| DROPPING scroll of butterflies.
   756 | D:1      | 756 ||| DROPPING potion of degeneration.
   772 | D:2      | Reached skill level 7 in Ranged Weapons
   907 | D:2      | Reached XP level 4. HP: 25/25 MP: 6/6
  1293 | D:2      | 1293 ||| DROPPING ring of flight.
  1294 | D:2      | 1294 ||| DRINKING 2 pink potions.
  1363 | D:3      | Reached skill level 8 in Ranged Weapons
  1615 | D:3      | Reached XP level 5. HP: 29/29 MP: 7/7
  1771 | D:3      | 1771 ||| DROPPING scarf of shadows.
  1772 | D:3      | 1772 ||| UPGRADING to amulet of the acrobat.
  1777 | D:3      | 1777 ||| READING scroll labelled MEPLAD KAIM.
  1778 | D:3      | 1778 ||| READING scroll labelled MYPONU QYEM.
  1779 | D:3      | 1779 ||| DRINKING 2 amethyst potions.
  1780 | D:3      | 1780 ||| DROPPING potion of attraction.
  1797 | D:4      | 1797 ||| STAIRDANCE
  1888 | D:4      | Reached skill level 9 in Ranged Weapons
  1985 | D:4      | Identified the +5 halberd of Modesty {pain, Int+3 Stlth+}
  2014 | D:4      | Found Cuorphe's Antique Armour Emporium.
  2055 | D:4      | Noticed an ogre
  2058 | D:4      | Killed an ogre
  2059 | D:4      | Reached XP level 6. HP: 18/35 MP: 8/8
  2189 | D:4      | Noticed Ijyb
  2194 | D:4      | Killed Ijyb
  2277 | D:4      | Reached skill level 10 in Ranged Weapons
  2367 | D:4      | Reached skill level 3 in Dodging
  2631 | D:4      | 2631 ||| READING scroll labelled HUPHOUSAHI.
  2632 | D:4      | 2632 ||| READING scroll labelled TUEJER LENURIA.
  2636 | D:4      | 2636 ||| READING scroll labelled JERPHI MADDENUSU.
  2637 | D:4      | 2637 ||| READING scroll labelled ORRIGG GYCK.
  2638 | D:4      | 2638 ||| DRINKING 2 red potions.
  2639 | D:4      | 2639 ||| DRINKING 2 emerald potions.
  2639 | D:4      | Gained mutation: You are frail. (-10% HP) [potion of
                  | mutation]
  2639 | D:4      | Gained mutation: Potions are less effective at restoring
                  | your health. [potion of mutation]
  2639 | D:4      | Gained mutation: Your spells are a little harder to cast,
                  | but a little more powerful. [potion of mutation]
  2640 | D:4      | 2640 ||| DRINKING potion of mutation.
  2640 | D:4      | Lost mutation: Your spells are a little harder to cast, but
                  | a little more powerful. [potion of mutation]
  2640 | D:4      | Lost mutation: You are frail. (-10% HP) [potion of
                  | mutation]
  2640 | D:4      | Gained mutation: You sometimes lose your temper in combat.
                  | [potion of mutation]
  2640 | D:4      | Gained mutation: You are robust. (+10% HP) [potion of
                  | mutation]
  2707 | D:5      | Entered Level 5 of the Dungeon
  2818 | D:5      | Found a sacrificial altar of Ru.
  2843 | D:5      | Reached skill level 1 in Armour
  2843 | D:5      | Reached XP level 7. HP: 44/44 MP: 9/9
  3071 | D:5      | Reached skill level 11 in Ranged Weapons
  3393 | D:5      | Found a hazy altar of Hepliaklqana.
  3476 | D:5      | 3476 ||| READING scroll labelled DEISOA ZUJU.
  3477 | D:5      | 3477 ||| DRINKING 2 inky potions.
  3478 | D:5      | 3478 ||| DRINKING 2 murky amethyst potions.
  3498 | D:6      | 3498 ||| FLEEEEING.
  3499 | D:6      | 3499 ||| STAIRDANCE
  3548 | D:6      | Noticed Grinder
  3552 | D:6      | 3552 ||| FLEEEEING.
  3559 | D:6      | Killed Grinder
  3560 | D:6      | Reached skill level 12 in Ranged Weapons
  3560 | D:6      | Reached XP level 8. HP: 35/48 MP: 10/10
  3677 | D:6      | Reached skill level 3 in Fighting
  3822 | D:6      | Noticed Eustachio
  3841 | D:6      | Killed Eustachio
  3842 | D:6      | Reached skill level 13 in Ranged Weapons
  4064 | D:6      | Found a runed translucent door.
  4077 | D:6      | Reached skill level 14 in Ranged Weapons
  4103 | D:6      | 4103 ||| DRINKING 2 potions of curing.
  4103 | D:6      | 4103 ||| (to cure confusion)
  4108 | D:6      | HP: 7/50 [something/puff of flame (7)]
  4196 | D:6      | 4196 ||| FLEEEEING.
  4197 | D:6      | 4197 ||| FLEEEEING.
  4198 | D:6      | 4198 ||| FLEEEEING.
  4199 | D:6      | 4199 ||| STAIRDANCE
  4204 | D:5      | Reached XP level 9. HP: 38/57 MP: 11/11
  4267 | D:5      | 4267 ||| READING 2 scrolls of identify.
  4267 | D:5      | 4267 ||| IDENTIFYING cyan potion
  4268 | D:5      | 4268 ||| DROPPING potion of brilliance.
  4982 | D:6      | Found a shimmering altar of Xom.
  4982 | D:6      | Noticed qw's ghost (amateur NaHu)
  4982 | D:6      | Noticed a +2 rapier of chaos
  4988 | D:6      | 4988 ||| UPGRADING to +2 helmet.
  5068 | D:7      | You fall into a shaft and drop 3 floors!
  5068 | D:10     | Entered Level 10 of the Dungeon
  5083 | D:10     | Found a basalt altar of Yredelemnul.
  5095 | D:10     | Reached skill level 6 in Dodging
  5133 | D:10     | HP: 11/57 [killer bee (5)]
  5134 | D:10     | 5134 ||| DRINKING 3 potions of heal wounds.
  5138 | D:10     | 5138 ||| DRINKING 2 potions of heal wounds.
  5371 | D:10     | Noticed an efreet
  5375 | D:10     | Killed an efreet
  5400 | D:10     | Noticed a yaktaur
  5406 | D:10     | Killed a yaktaur
  5492 | D:10     | 5492 ||| SWAPPING to +0 arbalest.
  5493 | D:10     | 5493 ||| DROPPING +2 heavy shortbow.
  5521 | D:10     | Noticed a brown ugly thing
  5530 | D:10     | HP: 10/58 [brown ugly thing (9)]
  5530 | D:10     | HP: 4/58 [acid (6)]
  5531 | D:10     | 5531 ||| DRINKING potion of heal wounds.
  5532 | D:10     | Killed a brown ugly thing
  5776 | D:10     | 5776 ||| UPGRADING to amulet of regeneration.
  5786 | D:10     | 5786 ||| DROPPING amulet of the acrobat.
  5787 | D:10     | 5787 ||| UPGRADING to amulet of reflection.
  5797 | D:10     | 5797 ||| DROPPING amulet of regeneration.
  5798 | D:10     | 5798 ||| DRINKING 2 viscous brown potions.
  5799 | D:10     | 5799 ||| DROPPING potion of magic.
  5812 | D:9      | Noticed a cyclops
  5821 | D:9      | Killed a cyclops
  5822 | D:9      | Reached skill level 15 in Ranged Weapons
  5884 | D:9      | 5884 ||| READING scroll of enchant weapon.
  5884 | D:9      | 5884 ||| ENCHANTING +0 arbalest.
  5913 | D:9      | Reached XP level 10. HP: 48/63 MP: 12/12
  5994 | D:9      | Found a runed translucent door.
  5995 | D:9      | Noticed a two-headed ogre
  5995 | D:9      | Noticed a centaur warrior
  5995 | D:9      | Noticed a centaur warrior
  6060 | D:9      | Found the +7 Kryia's mail coat {PotionHeal*2 rC+}
  6241 | D:9      | 6241 ||| UPGRADING to +7 Kryia's mail coat {PotionHeal*2
                  | rC+}.
  6251 | D:9      | 6251 ||| DROPPING +0 ring mail.
  6252 | D:9      | 6252 ||| READING scroll labelled PIL ZANGUUNO.
  6254 | D:9      | 6254 ||| Stepping ~*~*~tactically~*~*~ (cloud).
  6317 | D:8      | Found Comecouq's Antique Armour Emporium.
  6323 | D:8      | Reached skill level 16 in Ranged Weapons
  6380 | D:7      | 6380 ||| READING scroll of enchant weapon.
  6380 | D:7      | 6380 ||| ENCHANTING +1 arbalest.
  6393 | D:7      | Found a staircase to the Ecumenical Temple.
  6394 | D:7      | 6394 ||| PLANNING TEMPLE
  6402 | Temple   | Entered the Ecumenical Temple
  6413 | Temple   | 6413 ||| PLANNING OKAWARU WORSHIP
  6461 | Temple   | Became a worshipper of Warmaster Okawaru
  6462 | Temple   | 6462 ||| PLANNING D:1-11
  6614 | D:7      | Found Kysarch's Armour Boutique.
  6624 | D:7      | 6624 ||| BUYING +1 cloak (126 gold).
  6624 | D:7      | Bought a +1 cloak for 126 gold pieces
  6833 | D:7      | HP: 13/63 [poisoned by a water moccasin]
  6838 | D:7      | HP: 8/63 [poisoned by a water moccasin]
  7115 | D:7      | 7115 ||| UPGRADING to +1 cloak.
  7120 | D:7      | 7120 ||| DROPPING scarf of shadows.
  7121 | D:7      | 7121 ||| READING scroll labelled DACUL ITHU.
  7133 | D:8      | Reached skill level 17 in Ranged Weapons
  7133 | D:8      | 7133 ||| DRINKING potion of mutation.
  7133 | D:8      | Lost mutation: Potions are less effective at restoring your
                  | health. [potion of mutation]
  7133 | D:8      | Lost mutation: You are robust. (+10% HP) [potion of
                  | mutation]
  7133 | D:8      | Lost mutation: You sometimes lose your temper in combat.
                  | [potion of mutation]
  7133 | D:8      | Gained mutation: You are resistant to electric shocks.
                  | (rElec) [potion of mutation]
  7133 | D:8      | Gained mutation: You have hidden genetic potential. [potion
                  | of mutation]
  7133 | D:8      | Gained mutation: You have a pair of small horns on your
                  | head. [potion of mutation]
  7135 | D:8      | 7135 ||| BUYING faintly humming ring mail (234 gold).
  7135 | D:8      | Bought a faintly humming ring mail for 234 gold pieces
  7135 | D:8      | Identified the +0 ring mail "Vycesm" {rC- Slay+6 SInv} (You
                  | bought it in a shop on level 8 of the Dungeon)
  7135 | D:8      | 7135 ||| BUYING runed hat (182 gold).
  7135 | D:8      | Bought a runed hat for 182 gold pieces
  7196 | D:8      | Reached * piety under Okawaru
  7207 | D:8      | Reached skill level 1 in Invocations
  7319 | D:8      | Found Sahuit's Jewellery Emporium.
  7326 | D:8      | 7326 ||| SHOPLISTING +5 ring of evasion (360 gold, have
                  | 215).
  7326 | D:8      | 7326 ||| SHOPLISTING ring of protection from fire (250
                  | gold, have 215).
  7326 | D:8      | 7326 ||| BUYING ring of resist corrosion (200 gold).
  7326 | D:8      | Bought a ring of resist corrosion for 200 gold pieces
  7326 | D:8      | 7326 ||| SHOPLISTING ring of the Hare {EV+10} (1280 gold,
                  | have 15).
  7331 | D:8      | Noticed Maurice
  7351 | D:8      | Killed Maurice
  7713 | D:8      | Found Wuw Noapt's Antique Armour Shop.
  7730 | D:8      | 7730 ||| SHOPLISTING pair of boots (103 gold, have 57).
  7730 | D:8      | 7730 ||| SHOPLISTING pair of runed gloves (172 gold, have
                  | 57).
  7730 | D:8      | 7730 ||| SHOPLISTING shiny ring mail (161 gold, have 57).
  7736 | D:8      | Found Kerghom's Assorted Antiques.
  7742 | D:8      | 7742 ||| SHOPLISTING crooked iron wand (104 gold, have 69).
  7742 | D:8      | 7742 ||| SHOPLISTING moonstone ring (130 gold, have 69).
  7742 | D:8      | 7742 ||| SHOPLISTING pair of boots (117 gold, have 69).
  7742 | D:8      | 7742 ||| SHOPLISTING potion of heal wounds (130 gold, have
                  | 69).
  7742 | D:8      | 7742 ||| BUYING scroll labelled ADIUCE WAULL (26 gold).
  7742 | D:8      | Bought a scroll labelled ADIUCE WAULL for 26 gold pieces
  7742 | D:8      | 7742 ||| SHOPLISTING scroll of teleportation (78 gold, have
                  | 43).
  7742 | D:8      | 7742 ||| SHOPLISTING shiny ring mail (182 gold, have 43).
  7742 | D:8      | 7742 ||| SHOPLISTING tubular gilded ring (130 gold, have
                  | 43).
  7748 | D:8      | Found Ganos's Distillery.
  7756 | D:8      | 7756 ||| SHOPLISTING potion of cancellation (96 gold, have
                  | 43).
  7756 | D:8      | 7756 ||| SHOPLISTING potion of heal wounds (60 gold, have
                  | 43).
  7756 | D:8      | 7756 ||| SHOPLISTING potion of resistance (120 gold, have
                  | 43).
  7759 | D:8      | Noticed a death yak
  7760 | D:8      | 7760 ||| INVOKING Heroism.
  7762 | D:8      | Noticed a death yak
  7764 | D:8      | Noticed a death yak
  7767 | D:8      | Killed a death yak
  7768 | D:8      | Reached skill level 3 in Invocations
  7775 | D:8      | 7775 ||| INVOKING Heroism.
  7775 | D:8      | HP: 10/58 [death yak (8)]
  7776 | D:8      | 7776 ||| READING 2 scrolls of teleportation.
  7777 | D:8      | 7777 ||| DRINKING 2 potions of heal wounds.
  7778 | D:8      | Killed a death yak
  7778 | D:8      | Reached ** piety under Okawaru
  7780 | D:8      | Reached skill level 18 in Ranged Weapons
  7956 | D:8      | Found a staircase to the Lair.
  7967 | D:8      | 7967 ||| INVOKING Heroism.
  7979 | D:8      | Killed a death yak
  7980 | D:8      | Reached XP level 11. HP: 34/64 MP: 16/16
  8105 | D:8      | 8105 ||| PLANNING LAIR
  8105 | D:8      | 8105 ||| DROPPING +2 helmet.
  8106 | D:8      | 8106 ||| UPGRADING to +2 hat.
  8111 | D:8      | 8111 ||| UPGRADING to ring of resist corrosion.
  8112 | D:8      | 8112 ||| READING 2 scrolls labelled ADIUCE WAULL.
  8113 | D:8      | 8113 ||| READING 2 scrolls labelled ACZAEMP MEIDE.
  8114 | D:8      | 8114 ||| READING scroll of enchant armour.
  8114 | D:8      | 8114 ||| ENCHANTING +0 pair of gloves.
  8115 | D:8      | 8115 ||| DRINKING 2 smoky emerald potions.
  8166 | D:8      | 8166 ||| DROPPING potion of lignification.
  8167 | D:8      | 8167 ||| DROPPING scroll of noise.
  8172 | Lair:1   | Entered Level 1 of the Lair of Beasts
  8217 | Lair:1   | Reached skill level 3 in Armour
  8317 | Lair:1   | 8317 ||| INVOKING Heroism.
  8342 | Lair:1   | Noticed a catoblepas
  8343 | Lair:1   | 8343 ||| INVOKING Heroism.
  8344 | Lair:1   | 8344 ||| Stepping ~*~*~tactically~*~*~ (outnumbered).
  8346 | Lair:1   | 8346 ||| Stepping ~*~*~tactically~*~*~ (cloud).
  8349 | Lair:1   | 8349 ||| Stepping ~*~*~tactically~*~*~ (cloud).
  8354 | Lair:1   | 8354 ||| Stepping ~*~*~tactically~*~*~ (cloud).
  8358 | Lair:1   | 8358 ||| Stepping ~*~*~tactically~*~*~ (cloud).
  8359 | Lair:1   | Killed a catoblepas
  8359 | Lair:1   | Reached *** piety under Okawaru
  8360 | Lair:1   | Reached skill level 6 in Fighting
  8372 | Lair:1   | Gained mutation: You have a pair of horns on your head.
                  | [hidden potential]
  8549 | Lair:1   | Noticed Fannar
  8567 | Lair:1   | 8567 ||| INVOKING Heroism.
  8573 | Lair:1   | Killed Fannar
  8694 | Lair:1   | 8694 ||| INVOKING Heroism.
  8709 | Lair:1   | HP: 15/67 [steam dragon/ball of steam (21)]
  8710 | Lair:1   | 8710 ||| READING scroll of teleportation.
  8711 | Lair:1   | 8711 ||| DRINKING potion of heal wounds.
  8712 | Lair:1   | 8712 ||| INVOKING Heroism.
  8775 | Lair:1   | 8775 ||| INVOKING Heroism.
  8776 | Lair:1   | 8776 ||| Stepping ~*~*~tactically~*~*~ (cloud).
  8890 | Lair:1   | Reached skill level 9 in Dodging
  8903 | Lair:1   | 8903 ||| INVOKING Heroism.
  8909 | Lair:1   | HP: 16/67 [yak (8)]
  8916 | Lair:1   | Reached **** piety under Okawaru
  8918 | Lair:1   | HP: 12/67 [yak (6)]
  8920 | Lair:1   | HP: 2/67 [yak (5)]
  8921 | Lair:1   | Mangled by a yak

Levels and vault maps discovered:
D:1:      dpeg_arrival_morbid_curiosity, layout_rooms, minmay_misc_feat_roman,
          hex_large, roderic_roman_lattice, minmay_split_cup_large
D:2:      layout_rooms
D:3:      layout_basic
D:4:      layout_loops_cross, serial_shops, nicolae_shop_rolling_square,
          nicolae_elevator_lobby_plus, uniq_ijyb
D:5:      layout_loops_ring, nzn_hepliaklqana_mist_gate, hangedman_ru_absence
D:6:      layout_layer_cave, ebering_ghost_xom, minivault_14, uniq_grinder,
          uniq_eustachio
D:7:      layout_loops_ring, temple_statues, serial_shops,
          nicolae_shop_gibbet_a_chance, enter_bailey_7, hangedman_decor_growths
D:8:      layout_basic, dpeg_lair_monsters, serial_shops,
          nicolae_shop_statue_plus, shop, nicolae_square_shop,
          nicolae_stop_n_shop_1, shop, amcnicky_mini_rare_corridor_liquid,
          uniq_maurice
D:9:      minmay_the_grid_triangle_9x9_rhombus_thin
          [minmay_the_grid_triangle_9x9_limited_checkers,
          minmay_the_grid_triangle_9x9_prize_top_heavy,
          minmay_the_grid_triangle_9x9_odd_lines,
          minmay_the_grid_triangle_9x9_fully_insulated_deathbox], layout_rooms,
          chequers_temple_overflow_minitemple, chequers_serial_rivers_room_a
D:10:     layout_basic, mainiacjoe_overflow_catwalk, orc_0_dummy, wad_mini_maze
Temple:   eino_wide_crystal_templ
Lair:1:   layout_regular_city, lemuel_fruit_fields, uniq_fannar

Skill      XL: |  1  2  3  4  5  6  7  8  9 10 11 |
---------------+----------------------------------+-----
Ranged Weapons | 6 7 8 9 10 12 14 15 18 | 18.0
Fighting       | 2 3 4 5 7 |  7.6
Dodging        | 3 5 7 9 |  9.2
Armour         | 1 2 4 |  4.0
Invocations    | 4 |  4.6
Stealth        | |  1.2

Action                     |  1- 3 |  4- 6 |  7- 9 | 10-12 || total
---------------------------+-------+-------+-------+-------++-------
   Fire: Shortbow          |   107 |   121 |   201 |       ||   429
         Arbalest          |       |       |    28 |   319 ||   347
 Invoke: Heroism           |       |       |       |    10 ||    10
    Use: Scroll            |     3 |     6 |     3 |     8 ||    20
         Potion            |     1 |     5 |     7 |     4 ||    17
 Armour: Leather armour    |    10 |       |       |       ||    10
         Ring mail         |     4 |    17 |    86 |    11 ||   118
         Scale mail        |       |       |       |   185 ||   185
  Dodge: Dodged            |    19 |    16 |   119 |   213 ||   367
  Block: Other             |       |       |     1 |    78 ||    79

Table legend:
 A = Non-vault XP
 B = Vault XP
 C = Vault XP percentage of total XP
 D = Non-vault monster count
 E = Vault monster count
 F = Vault count percentage of total count
                 A         B        C        D         E       F
            +---------+---------+-------+---------+---------+-------
      Total |   13327 |    5615 |  29.6 |     203 |      32 |  13.6
            +---------+---------+-------+---------+---------+-------
        D:1 |      44 |      17 |  27.9 |      29 |       9 |  23.7
        D:2 |      80 |       0 |   0.0 |      20 |       0 |   0.0
        D:3 |     117 |       0 |   0.0 |      18 |       0 |   0.0
        D:4 |     391 |      35 |   8.2 |      12 |       1 |   7.7
        D:5 |     506 |       0 |   0.0 |      14 |       0 |   0.0
        D:6 |    1442 |     468 |  24.5 |      28 |       2 |   6.7
        D:7 |    1434 |       7 |   0.5 |      12 |       4 |  25.0
        D:8 |    1018 |    2938 |  74.3 |      22 |      12 |  35.3
        D:9 |    1168 |       0 |   0.0 |      14 |       0 |   0.0
       D:10 |     370 |    1269 |  77.4 |       6 |       3 |  33.3
     Lair:1 |    6757 |     881 |  11.5 |      28 |       1 |   3.4
            +---------+---------+-------+---------+---------+-------
